 Dungeon Crawl Stone Soup version 0.31-a0-851-g7ff8af7976 (webtiles) character file.

Game seed: 8087187044311354220

1153 LeprechaunX the Changeling (level 8, -4/50 (54) HPs)
             Began as an Octopode Shapeshifter on Oct 6, 2023.
             Slain by a wight
             ... wielding a +0 long sword
              (10 damage)
             ... on level 5 of the Dungeon.
             The game lasted 00:07:10 (5199 turns).

LeprechaunX the Changeling (Octopode Shapeshifter)  Turns: 5199, Time: 00:07:10

HP:   -4/50 (54)    AC:  1    Str: 16    XL:     8   Next: 38%
MP:   8/8           EV: 14    Int: 12    God:
Gold: 392           SH:  0    Dex: 11    Spells: 7/7 levels left

rFire   . . .        A - +5 flail (protect)
rCold   . . .        (no shield)
rNeg    . . .        (helmet currently unavailable)
rPois   +            (no amulet)
rElec   .            u - ring of poison resistance
rCorr   .            (no ring)
SInv    .            (no ring)
Will    .....        (no ring)
Stlth   ++           (no ring)
HPRegen 0.28/turn    (no ring)
MPRegen 0.11/turn    (no ring)
                     (no ring)

%: no passive effects
@: beast-form, drained
A: beast (slay +3), almost no armour, amphibious, 8 rings, camouflage 1,
gelatinous body 1, (nimble swimmer 1), tentacles
a: Begin Untransformation


You were on level 5 of the Dungeon.
You were a hulking beast.
You visited 1 branch of the dungeon, and saw 6 of its levels.
You also visited: Sewer.

You collected 392 gold pieces.

Inventory:

Hand Weapons
 a - a +0 sling
 A - a +5 flail of protection (weapon)
Missiles
 k - 2 throwing nets
 n - 3 curare-tipped darts (quivered)
 C - 6 javelins
Jewellery
 u - a ring of poison resistance (left tentacle)
 B - a ring of ice
Talismans
 b - a beast talisman (active)
 c - a flux talisman
Wands
 w - a wand of mindburst (10)
Scrolls
 e - a scroll of summoning
 f - 2 scrolls of fog
 g - 2 scrolls of immolation {unknown}
 h - a scroll of enchant armour {unknown}
 i - a scroll of fear {unknown}
 l - 2 scrolls of vulnerability {unknown}
 m - a scroll of amnesia {unknown}
 s - a scroll of enchant weapon {unknown}
 v - a scroll of revelation {unknown}
 y - 3 scrolls of teleportation
Potions
 d - 4 potions of curing
 j - 2 potions of magic
 o - a potion of brilliance {unknown}
 p - a potion of haste {unknown}
 q - 2 potions of attraction {unknown}
 r - 2 potions of lignification
 t - a potion of cancellation {unknown}
 x - 2 potions of heal wounds
 z - 2 potions of enlightenment
 D - a potion of mutation {unknown}


   Skills:
 + Level 4.2 Fighting
 + Level 4.7 Dodging
 + Level 5.2 Unarmed Combat
 * Level 6.3 Shapeshifting


You had 7 spell levels left.
You didn't know any spells.
Your spell library contained the following spells:

 Spells                   Type           Power      Damage    Failure   Level
 Apportation              Tloc           0%         N/A       32%         1
 Necrotise                Necr           0%         1d4       32%         1
 Sting                    Tmut/Pois      0%         1d3       32%         1
 Summon Small Mammal      Summ           0%         N/A       32%         1
 Jinxbite                 Hex            0%         N/A       45%         2
 Poisonous Vapours        Pois/Air       0%         N/A       45%         2
 Olgreb's Toxic Radiance  Pois           0%         N/A       97%         4
 Alistair's Intoxication  Tmut/Pois      0%         N/A       100%        5
 Haunt                    Necr/Summ      0%         N/A       100%        7
 Borgnjor's Revivificati  Necr           0%         N/A       100%        8
 Death's Door             Necr           0%         N/A       100%        9


Dungeon Overview and Level Annotations

Branches:
Dungeon (6/15)              Sewer (visited)
 Temple: D:4-7

Altars:
Makhleb

Shops:
D:4 ?


Innate Abilities, Weirdness & Mutations

You are a hulking beast.
Your limbs bulge with bestial killing power. (Slay +3)
You cannot wear most types of armour.
You are amphibious.
You can wear up to eight rings at the same time.
Your skin changes colour to match your surroundings (Stealth+).
Your rubbery body absorbs attacks. (AC +1, EV +1)
((You are camouflaged when in or above water. (Stealth+)))
You have tentacles for arms and can constrict up to eight enemies at once.


Message History

The wight moves out of view.
There is an open door here.
An orc comes into view. It is wielding a +0 club.
The orc shouts!
The wight closely misses you. x3
You closely miss the wight. Your grab misses the wight.
The wight hits you with a +0 long sword.
You feel drained. The wight closely misses you.
The wight hits you with a +0 short sword.
You feel drained. The wight barely misses you.
There is an open door here.
You hit the wight.
Your weapon exudes an aura of protection.
You grab the wight.
The wight is moderately damaged.
You constrict the wight.
The wight hits you from afar with a +0 halberd!
The wight misses you. The wight hits you but does no damage.
You release your grip on the wight.
The wight attacks as it pursues you! The wight closely misses you.
The wight attacks as it pursues you!
The wight hits you from afar with a +0 halberd.
You feel drained. The wight attacks as it pursues you!
The wight hits you with a +0 long sword.
The wight attacks as it pursues you!
The wight hits you from afar with a +0 halberd!
* * * LOW HITPOINT WARNING * * *
There is a stone staircase leading up, spattered with blood here.
The wight closely misses you. The wight barely misses you.
You climb upwards.
There is a stone staircase leading down here.
Unknown command.
You closely miss the wight. You grab the wight.
The wight is heavily damaged.
You constrict the wight, but do no damage.
The wight closely misses you.
The wight hits you with a +0 long sword!
You die...

#.# #.# #.# ###
# #############
##
##∩##........#
.#
##._†########.#
.###....# #.#
..##...## #h#
..###.## #z#
#..#.(# #.#
##...## #.#
###.## #.#
.#### #.###
##.# #...# #.#
###.# #.# #.#


You could see a wight.

Vanquished Creatures
  Edmund (D:4)
  An ogre (D:5)
  A kobold brigand (Sewer)
  A necrophage (D:5)
  5 scorpions
  2 hounds
  A jelly (D:4)
  3 orc priests
  An iguana (D:5)
  2 orc wizards
  A sleepcap (D:5)
  A hound skeleton (D:5)
  Robin (D:3)
  5 river rats
  6 adders
  A shadow imp (D:5)
  5 worms (D:4)
  3 dart slugs
  6 orcs
  3 ball pythons
  6 endoplasms
  5 giant cockroaches
  19 goblins
  8 hobgoblins
  2 jackals (Sewer)
  9 kobolds
  5 quokkas
  6 bats
  2 frilled lizards
  11 rats
123 creatures vanquished.

Notes
Turn   | Place    | Note
-------+----------+-------------------------------------------
     0 | D:1      | LeprechaunX the Octopode Shapeshifter began the quest for
                  | the Orb.
     0 | D:1      | Reached XP level 1. HP: 13/13 MP: 1/1
   222 | D:1      | Reached XP level 2. HP: 18/18 MP: 2/2
   730 | D:2      | Reached XP level 3. HP: 18/23 MP: 3/3
  1510 | D:2      | Reached XP level 4. HP: 29/29 MP: 4/4
  1732 | D:3      | Found a faded altar of an unknown god.
  1749 | D:3      | Noticed Robin
  1759 | D:3      | Killed Robin
  2566 | D:4      | Reached skill level 4 in Shapeshifting
  2590 | D:4      | Noticed a scorpion
  2598 | D:4      | Killed a scorpion
  2599 | D:4      | Reached XP level 5. HP: 31/35 MP: 5/5
  2621 | D:4      | Reached XP level 6. HP: 16/41 MP: 6/6
  2733 | D:4      | HP: 1/41 [acid (9)]
  2805 | D:4      | Found Siylle's Magic Scroll Emporium.
  2866 | D:4      | Reached skill level 5 in Shapeshifting
  2882 | D:4      | Found a glowing drain.
  2887 | Sewer    | Entered a sewer
  2904 | Sewer    | Reached XP level 7. HP: 16/46 MP: 7/7
  3291 | Sewer    | Found a white marble altar of Elyvilon.
  3882 | D:4      | Noticed Edmund
  3894 | D:4      | Killed Edmund
  4092 | D:5      | Entered Level 5 of the Dungeon
  4303 | D:5      | Reached XP level 8. HP: 54/54 MP: 8/8
  4308 | D:5      | Reached skill level 5 in Unarmed Combat
  4308 | D:5      | Reached skill level 6 in Shapeshifting
  4622 | D:5      | Found a burning altar of Makhleb.
  5199 | D:5      | Slain by a wight

Illustrated notes

Levels and vault maps discovered:
D:1:      ncdulo_halloftheorcs, layout_loops_ring
D:2:      layout_loops_corners, kennysheep_generic_room_4
D:3:      layout_basic, hellmonk_ecumenical_altar_lost_god, uniq_robin
D:4:      layout_loops_ring, serial_shops, nicolae_shop_tiny_glass,
          lightli_sewer_entry_pipes, uniq_edmund
D:5:      layout_loops_ring, makhleb_blood_cavern_becter
D:6:      layout_gridville

Skill      XL: |  1  2  3  4  5  6  7  8 |
---------------+-------------------------+-----
Fighting       | 2 3 4 |  4.2
Shapeshifting  | 4 5 6 |  6.3
Dodging        | 3 4 |  4.7
Unarmed Combat | 4 5 |  5.2

Action                     |  1- 3 |  4- 6 |  7- 9 || total
---------------------------+-------+-------+-------++-------
  Melee: Unarmed           |    60 |   112 |    37 ||   209
         Constrict         |    19 |    31 |    20 ||    70
         Tentacles         |     8 |    25 |    15 ||    48
         Punch             |     3 |     4 |     3 ||    10
         Flail             |       |       |    44 ||    44
  Throw: Dart              |       |       |     3 ||     3
    Use: Scroll            |       |       |     6 ||     6
   Stab: Sleeping          |    11 |     6 |     5 ||    22
 Armour: Skin              |    23 |    44 |    46 ||   113
  Dodge: Dodged            |    21 |    52 |    54 ||   127

Table legend: (Time is in decaauts)
 A = Elapsed time spent in this place.
 B = Non-inter-level travel time spent in this place.
 C = Inter-level travel time spent in this place.
 D = Time resting spent in this place.
 E = Time spent auto-exploring this place.
 F = Levels seen in this place.
 G = Mean time per level.
                   A        B        C        D        E       F      G
               +--------+--------+--------+--------+--------+-----+--------+
         Total |   5199 |   5098 |    101 |    471 |   3710 |   7 |  742.7 |
       Dungeon |   4752 |   4651 |    101 |    148 |   3639 |   6 |  792.0 |
         Sewer |    447 |    447 |      0 |    323 |     71 |   1 |  447.0 |
               +--------+--------+--------+--------+--------+-----+--------+

Top non-repeatable levels by time:
     D:4: 1103 daAuts
     D:5: 1006 daAuts
     D:2: 940 daAuts
     D:3: 932 daAuts
     D:1: 652 daAuts
   Sewer: 447 daAuts
     D:6: 116 daAuts
